 Dungeon Crawl Stone Soup version 0.21.1-1-g345015fe64 (webtiles) character file.

3770 Htamos the Thaumaturge (level 9, -2/67 HPs)
             Began as a Deep Elf Conjurer on July 12, 2018.
             Was a Priest of Sif Muna.
             Slain by a sky beast (6 damage)
             ... on level 11 of the Dungeon.
             The game lasted 00:29:05 (9434 turns).

Htamos the Thaumaturge (Deep Elf Conjurer)          Turns: 9434, Time: 00:29:06

Health: -2/67      AC:  5    Str: 10    XL:     9   Next: 94%
Magic:  6/27       EV: 12    Int: 24    God:    Sif Muna [***...]
Gold:   286        SH:  0    Dex: 15    Spells: 27/32 levels left

rFire    . . .     SeeInvis .   l - +0 short sword (freeze)
rCold    + . .     Gourm    .   (no shield)
rNeg     + . .     Faith    .   R - +1 leather armour "Gyixet" {*Slow rC+ rN+ Stlth+}
rPois    .         Spirit   .   A - -1 helmet (curse)
rElec    .         Reflect  .   (no cloak)
rCorr    .         Harm     .   e - +0 pair of gloves
MR       .....                  (no boots)
Stlth    ..........             s - amulet of magic regeneration
HPRegen  0.21/turn              N - ring of wizardry
MPRegen  0.45/turn              w - ring of stealth

@: berserking (expiring), very quick
A: no striking features
a: Divine Energy, Channel Magic, Renounce Religion


You were on level 11 of the Dungeon.
You worshipped Sif Muna.
Sif Muna was most pleased with you.
You were hungry.

You visited 2 branches of the dungeon, and saw 11 of its levels.
You also visited: Ossuary.

You collected 646 gold pieces.
You spent 360 gold pieces at shops.

Inventory:

Hand Weapons
 h - a +1 hunting sling
 l - a +0 short sword of freezing (weapon)
 x - a +0 mace
 y - a +0 hunting sling
 L - a +1 dagger of holy wrath
 Q - a +0 shortbow
Missiles
 f - 63 sling bullets
 g - 297 stones (quivered)
 i - 103 arrows
 S - a throwing net
Armour
 a - a +0 robe
 e - a +0 pair of gloves (worn)
 p - a +2 leather armour of fire resistance
 v - a +0 buckler
 z - a +0 helmet
 A - a cursed -1 helmet (worn)
 R - the +1 leather armour "Gyixet" (worn) {*Slow rC+ rN+ Stlth+}
   (You found it on level 11 of the Dungeon)

   It protects you from cold.
   It protects you from negative energy.
   It may slow you when you take damage.
   It makes you more stealthy.
Jewellery
 s - an amulet of magic regeneration (around neck)
 w - a ring of stealth (right hand)
 N - a ring of wizardry (left hand)
Wands
 q - a wand of polymorph (13)
Scrolls
 k - 2 scrolls of enchant armour
 m - 3 scrolls of teleportation
 n - a scroll of blinking
 r - 2 scrolls of fear
 u - 3 scrolls of fog
 B - 4 scrolls of enchant weapon
 C - 4 scrolls of identify
 E - 4 scrolls of remove curse
 F - 3 scrolls of magic mapping {unknown}
 I - a scroll of amnesia {unknown}
Potions
 d - 2 potions of haste
 j - 2 potions of heal wounds {unknown}
 o - a potion of flight {unknown}
 G - a potion of invisibility {unknown}
 H - a potion of might {unknown}
 J - a potion of berserk rage
 K - a potion of agility
 M - a potion of lignification {unknown}
 P - 2 potions of ambrosia {unknown}
Books
 b - a book of Conjurations

   Spells                             Type                      Level
   a - Magic Dart                     Conjuration                  1
   b - Searing Ray                    Conjuration                  2
   c - Dazzling Spray                 Conjuration/Hexes            3
   d - Fulminant Prism                Conjuration/Hexes            4
   e - Force Lance                    Conjuration/Translocation    4
   f - Iskenderun's Mystic Blast      Conjuration                  4
 t - a book of Necromancy

   Spells                             Type                      Level
   a - Pain                           Necromancy                   1
   b - Animate Skeleton               Necromancy                   1
   c - Vampiric Draining              Necromancy                   3
   d - Regeneration                   Charms/Necromancy            3
   e - Animate Dead                   Necromancy                   4
   f - Borgnjor's Vile Clutch         Necromancy/Earth             5
 D - a book of Maledictions

   Spells                             Type                      Level
   a - Corona                         Hexes                        1
   b - Ensorcelled Hibernation        Hexes/Ice                    2
   c - Confuse                        Hexes                        3
   d - Tukima's Dance                 Hexes                        3
   e - Dazzling Spray                 Conjuration/Hexes            3
Comestibles
 c - 17 rations
 O - 8 chunks of flesh


   Skills:
 - Level 0.1 Short Blades
 - Level 3.3 Slings
 - Level 2.4 Dodging
 - Level 2.4 Stealth
 - Level 12.3 Spellcasting
 * Level 11.4 Conjurations


You had 27 spell levels left.
You knew the following spells:

 Your Spells              Type           Power        Failure   Level  Hunger
a - Magic Dart            Conj           ####         1%          1    None
b - Iskenderun's Mystic   Conj           ######..     1%          4    None


Dungeon Overview and Level Annotations

Branches:
Dungeon (9/15)             Temple (1/1) D:4
   Lair: D:8-11         Orc: D:9-12

Altars:
Ashenzari
Cheibriados
Dithmenos
Elyvilon
Fedhas
Gozag
Hepliaklqana
Kikubaaqudgha
Makhleb
Nemelex Xobeh
Okawaru
Qazlal
Ru
Sif Muna
Trog
Uskayaw
Wu Jian
Xom
Yredelemnul
Zin

Shops:
D:4 =


Message History

The sky beast hits you but does no damage.
You closely miss the sky beast.
The sky beast is severely wounded.
The sky beast flickers out of sight!
Deactivating autopickup; reactivate with Ctrl-A.
Something hits you but does no damage.
You miss something. You barely miss something. Something hits you.
* * * LOW HITPOINT WARNING * * *
Something shocks you.
* * * LOW HITPOINT WARNING * * *
You hit something. You freeze something. Something hits you but does no damage.
You are feeling hungry.
You closely miss something. Something hits you but does no damage.
You miss something. You miss something. Something hits you but does no damage.
You miss something. Something hits you.
* * * LOW HITPOINT WARNING * * *
Something shocks you.
You die...

##...#..#
.................#
.................# #..
........ ........# #..
....... ........# #..
..... ........# #.#
... ........# #.#
#.#########.##{#.#.#
###W......# #. #@#.#.#
........... # #.#.#.#
.†......... ..#.#.#
........... ####.#.#
............ #.#.#
....).......######.#.#
.....................#
................##.###
................##.#


There were no monsters in sight!

Vanquished Creatures
  Pikel (D:7)
  The ghost of dingdong the Cleaver, a novice HOMo (D:8)
  Prince Ribbit (D:6)
  A spriggan (D:7)
  The ghost of Gunterle the Ducker, an amateur OpFi (D:3)
  Duvessa (D:5)
  A water moccasin (D:6)
  2 black bears
  A sky beast (D:6)
  2 orc warriors
  An ice beast (D:6)
  A necrophage (D:7)
  4 slaves (D:7)
  2 ogres
  A centaur (D:11)
  A bullfrog (D:7)
  Dowan (D:5)
  2 scorpions
  3 howler monkeys
  A crimson imp (D:8)
  3 hounds
  2 jellies
  4 orc priests
  A centaur skeleton (D:6)
  2 bullfrog skeletons
  2 iguanas
  An orc wizard (D:6)
  4 worker ants
  A killer bee zombie (D:7)
  A big kobold zombie (Ossuary)
  A hound zombie (D:6)
  8 mummies (Ossuary)
  A worker ant zombie (D:8)
  Robin (D:3)
  A gnoll (D:1)
  11 adders
  5 oozes
  An adder zombie (D:7)
  2 adder skeletons (D:7)
  7 worms
  7 leopard geckos
  21 orcs
  4 ball pythons
  11 bats
  5 giant cockroaches
  8 goblins
  16 hobgoblins
  16 jackals
  7 kobolds
  2 quokkas
  A ball python skeleton (D:4)
  5 frilled lizards
  A hobgoblin zombie (Ossuary)
  2 kobold zombies (Ossuary)
  2 leopard gecko skeletons
  4 orc zombies (Ossuary)
  8 rats
208 creatures vanquished.

Notes
Turn   | Place    | Note
-------+----------+-------------------------------------------
     0 | D:1      | Htamos the Deep Elf Conjurer began the quest for the Orb.
     0 | D:1      | Reached XP level 1. HP: 10/10 MP: 6/6
   205 | D:1      | Reached XP level 2. HP: 15/15 MP: 6/8
   510 | D:1      | Reached skill level 5 in Conjurations
  1074 | D:1      | Reached XP level 3. HP: 19/19 MP: 6/9
  2137 | D:2      | Reached XP level 4. HP: 24/24 MP: 2/11
  2606 | D:2      | Found a hide-covered altar of Uskayaw.
  2888 | D:3      | Noticed Gunterle's ghost (amateur OpFi)
  2954 | D:3      | Noticed Robin
  2958 | D:3      | Killed Robin
  2958 | D:3      | Reached skill level 4 in Spellcasting
  3308 | D:3      | Reached XP level 5. HP: 28/28 MP: 10/13
  3358 | D:3      | Killed Gunterle's ghost
  3358 | D:3      | Reached skill level 5 in Spellcasting
  3469 | D:3      | Reached XP level 6. HP: 32/32 MP: 10/16
  4062 | D:4      | Reached skill level 6 in Spellcasting
  4082 | D:4      | Found a shimmering altar of Xom.
  4492 | D:3      | Learned a level 4 spell: Iskenderun's Mystic Blast
  4577 | D:4      | Found a snail-covered altar of Cheibriados.
  4603 | D:4      | Found a staircase to the Ecumenical Temple.
  4615 | Temple   | Entered the Ecumenical Temple
  4752 | Temple   | Became a worshipper of Sif Muna the Loreminder
  4832 | D:4      | Found Yla Tieri's Jewellery Boutique.
  5036 | D:5      | Entered Level 5 of the Dungeon
  5380 | D:5      | Noticed Duvessa
  5382 | D:5      | Noticed Dowan
  5393 | D:5      | Killed Duvessa
  5393 | D:5      | Reached skill level 7 in Spellcasting
  5393 | D:5      | Reached XP level 7. HP: 22/36 MP: 7/19
  5397 | D:5      | Killed Dowan
  5671 | D:5      | Reached skill level 8 in Spellcasting
  5803 | D:5      | Found an iron altar of Okawaru.
  6053 | D:6      | Reached * piety under Sif Muna
  6296 | D:6      | Noticed Prince Ribbit
  6309 | D:6      | Killed Prince Ribbit
  6309 | D:6      | Reached skill level 9 in Spellcasting
  6309 | D:6      | Reached XP level 8. HP: 20/41 MP: 6/23
  6595 | D:6      | Reached ** piety under Sif Muna
  6672 | D:6      | Reached skill level 10 in Spellcasting
  7029 | D:7      | Found a sand-covered staircase.
  7105 | Ossuary  | Entered an ossuary
  7137 | Ossuary  | Reached skill level 1 in Slings
  7146 | Ossuary  | Reached skill level 10 in Conjurations
  7489 | D:7      | Reached XP level 9. HP: 45/45 MP: 15/25
  7615 | D:7      | Noticed Pikel
  7621 | D:7      | Killed Pikel
  7621 | D:7      | Reached skill level 11 in Spellcasting
  7621 | D:7      | Reached *** piety under Sif Muna
  7802 | D:7      | Found a hazy altar of Hepliaklqana.
  8270 | D:4      | Bought an uncursed ring of wizardry for 360 gold pieces
  8666 | D:8      | Noticed dingdong's ghost (novice HOMo)
  8675 | D:8      | Killed dingdong's ghost
  8675 | D:8      | Reached skill level 12 in Spellcasting
  8994 | D:8      | Found a sparkling altar of Nemelex Xobeh.
  9259 | D:9      | You fall through a shaft for 2 floors!
  9272 | D:11     | Noticed a green ugly thing
  9374 | D:11     | Got a bloodstained leather armour
  9385 | D:11     | Identified the +1 leather armour "Gyixet" {*Slow rC+ rN+ Stlth+} (You found it on level 11 of the Dungeon)
  9434 | D:11     | Slain by a sky beast

Skill      XL: |  1  2  3  4  5  6  7  8  9 |
---------------+----------------------------+-----
Conjurations   | 5 6 7 8 10 11 | 11.4
Spellcasting   | 4 5 7 9 10 12 | 12.3
Slings         | 1 3 |  3.3
Short Blades   | |  0.1
Dodging        | |  2.4
Stealth        | |  2.4

Action                   |  1- 3 |  4- 6 |  7- 9 || total
-------------------------+-------+-------+-------++-------
Melee: Unarmed           |    18 |       |       ||    18
       Short sword       |       |    17 |    13 ||    30
Throw: Stone             |     1 |       |       ||     1
 Cast: Magic Dart        |    84 |   198 |   250 ||   532
       Iskenderun's Myst |       |     4 |    68 ||    72
  Use: Scroll            |       |    10 |     4 ||    14
       Potion            |       |     5 |     5 ||    10
  Eat: Chunk             |     3 |     7 |    13 ||    23
       Ration            |       |     1 |       ||     1
Armor: Robe              |     6 |       |       ||     6
       Leather armour    |     1 |    19 |    29 ||    49
Dodge: Dodged            |    27 |    44 |    58 ||   129
